 Dungeon Crawl Stone Soup version 0.24-a0-537-g2d01d4ab0a (webtiles) character file.

Game seed: 328613998648158344

665390 Peloso the Minotaur Barricade (level 27, 0/273 HPs)
             Began as a Minotaur Fighter on Aug 11, 2019.
             Was a High Priest of Okawaru.
             Slain by a wolf spider (3 damage)
             ... on level 14 of a ziggurat on Aug 12, 2019.
             The game lasted 05:46:28 (89124 turns).

Peloso the Minotaur Barricade (Minotaur Fighter)   Turns: 89124, Time: 05:46:28

Health: 0/273      AC: 24    Str: 35    XL:     27
Magic:  13/26      EV: 15    Int:  5    God:    Okawaru [*****.]
Gold:   9599       SH: 35    Dex: 15    Spells: 29/29 levels left

rFire    + + .     SeeInvis +   a - +8 double sword "Wakhidiu" {freeze, rC+}
rCold    + + .     Gourm    .   c - +6 large shield {reflect}
rNeg     + + +     Faith    .   W - +13 crystal plate armour of Absence {rElec rN+}
rPois    .         Spirit   .   k - +0 mask of the Dragon {MR+ Slay+3 SInv}
rElec    +         Reflect  +   O - scarf {rC+ rF+}
rCorr    +         Harm     .   p - +2 pair of gloves of Noidghep {+Inv rF+ MR- Str+2}
MR       +++..                  C - +2 pair of boots of the Assassin {Detection Stab+ Stlth++}
Stlth    ..........             g - amulet of Puep {RegenMP rN++ Str-2}
HPRegen  0.55/turn              u - ring of resist corrosion
MPRegen  0.45/turn              X - ring "Meugg" {rElec MR+ Str+5 Dex+3}

@: corroded, very slightly contaminated, slowed, very slow
A: retaliatory headbutt, hooves 1, horns 2, low mp 1, weak 1
}: 3/15 runes: decaying, serpentine, silver
a: Heroism, Finesse, Renounce Religion, Evoke Invisibility


You were on level 14 of a ziggurat.
You worshipped Okawaru.
Okawaru was extremely pleased with you.
You were not hungry.

You visited 11 branches of the dungeon, and saw 49 of its levels.
You visited 1 ziggurat, and saw 14 of its levels.
You also visited: Trove, Gauntlet, Ice Cave and Wizlab.

You collected 11081 gold pieces.
You spent 1482 gold pieces at shops.

Inventory:

Hand Weapons
 a - the +8 double sword "Wakhidiu" (weapon) {freeze, rC+}
   (Okawaru gifted it to you on level 1 of the Swamp)

   It has been specially enchanted to freeze those struck by it, causing extra
   injury to most foes and up to half again as much damage against particularly
   susceptible opponents.
   It can also slow down cold-blooded creatures.
   It protects you from cold.
 b - the +11 long sword of Ijyen {flame, MR- Str+8 Dex+3 SInv}
   (You took it off a deep elf death mage on level 3 of the Elven Halls)

   It has been specially enchanted to burn those struck by it, causing extra
   injury to most foes and up to half again as much damage against particularly
   susceptible opponents.
   Big, fiery blades are also staple armaments of hydra-hunters.
   It affects your strength (+8).
   It affects your dexterity (+3).
   It affects your resistance to hostile enchantments.
   It lets you see invisible.
 d - the +12 falchion "Giantbane" {slice, +Blink rElec rPois Str+3}
   (Okawaru gifted it to you on level 3 of the Snake Pit)

   It inflicts extra damage upon your enemies.
   It affects your strength (+3).
   It insulates you from electricity.
   It protects you from poison.
   It lets you blink.
 Y - the +7 hand crossbow of Yheirif {flame, rF+++ Int-3 SInv}
   (You found it on level 12 of a ziggurat)

   It causes projectiles fired from it to burn those they strike, causing extra
   injury to most foes and up to half again as much damage against particularly
   susceptible opponents.
   It affects your intelligence (-3).
   It renders you almost immune to fire.
   It lets you see invisible.
Armour
 c - a +6 large shield of reflection (worn)
 h - a scarf of spirit shield
 k - the +0 mask of the Dragon (worn) {MR+ Slay+3 SInv}
   (You acquired it on level 3 of the Depths)

   It affects your accuracy and damage with ranged weapons and melee attacks
   (+3).
   It affects your resistance to hostile enchantments.
   It lets you see invisible.
 p - the +2 pair of gloves of Noidghep (worn) {+Inv rF+ MR- Str+2}
   (You acquired it on level 3 of the Depths)

   It affects your strength (+2).
   It protects you from fire.
   It affects your resistance to hostile enchantments.
   It lets you turn invisible.
 C - the +2 pair of boots of the Assassin (worn) {Detection Stab+ Stlth++}
   (You found it on level 3 of the Elven Halls)

   It makes you much more stealthy.
 O - a scarf of resistance (worn)
 T - the +8 chain mail of the Many Places {+Inv rPois MR++ Str-2 Slay+4}
   (Okawaru gifted it to you on level 6 of the Lair of Beasts)

   It affects your strength (-2).
   It affects your accuracy and damage with ranged weapons and melee attacks
   (+4).
   It protects you from poison.
   It affects your resistance to hostile enchantments.
   It lets you turn invisible.
 V - the +6 pearl dragon scales of the Earth {rN+ Int+3 Slay+2}
   (You found it on level 2 of the Depths)

   It affects your intelligence (+3).
   It affects your accuracy and damage with ranged weapons and melee attacks
   (+2).
   It protects you from negative energy.
 W - the +13 crystal plate armour of Absence (worn) {rElec rN+}
   (Okawaru gifted it to you on level 5 of the Vaults)

   It insulates you from electricity.
   It protects you from negative energy.
Jewellery
 g - the amulet of Puep (around neck) {RegenMP rN++ Str-2}
   (You found it in a treasure trove)

   [amulet of magic regeneration]

   It increases your magic regeneration.
   It affects your strength (-2).
   It greatly protects you from negative energy.
 t - an uncursed ring of flight
 u - a ring of resist corrosion (left hand)
 w - the ring "Uxkiupump" {rC+ MR+++ Slay+3}
   (You found it in a treasure trove)

   [ring of slaying]

   It affects your accuracy and damage with ranged weapons and melee attacks
   (+3).
   It protects you from cold.
   It affects your resistance to hostile enchantments.
 P - the amulet of Obsession {Reflect Int+3 SH+2}
   (You found it on level 11 of a ziggurat)

   [amulet of reflection]

   It shields you and reflects attacks.
   It affects your intelligence (+3).
   It affects your SH (+2).
 R - the amulet of Vitality {Regen+ HP+15}
   (You found it on level 11 of a ziggurat)

   [amulet of regeneration]

   It affects your health (+15).
   It increases your rate of regeneration.
 X - the ring "Meugg" (right hand) {rElec MR+ Str+5 Dex+3}
   (You took it off a crimson imp on level 12 of the Dungeon)

   [ring of dexterity]

   It affects your strength (+5).
   It affects your dexterity (+3).
   It insulates you from electricity.
   It affects your resistance to hostile enchantments.
Wands
 F - a wand of random effects (24)
 G - a wand of digging (6)
Scrolls
 e - 12 scrolls of magic mapping
 l - 34 scrolls of teleportation
 m - 23 scrolls of remove curse
 o - 12 scrolls of fear
 s - 5 scrolls of enchant armour
 x - a scroll of summoning
 y - 2 scrolls of brand weapon
 z - 12 scrolls of fog
 A - 4 scrolls of blinking
 K - 7 scrolls of enchant weapon
 L - 7 scrolls of identify
 M - 6 scrolls of noise
 Z - a scroll of silence
Potions
 i - 6 potions of might
 j - a potion of resistance
 n - 3 potions of heal wounds
 q - 12 potions of mutation
 r - 2 potions of flight
 v - 9 potions of curing
 B - a potion of ambrosia
 E - 4 potions of agility
 N - 2 potions of haste
Miscellaneous
 D - a crystal ball of energy
 H - 3 sacks of spiders
 I - a lamp of fire
 J - a crystal ball of energy
Comestibles
 f - 64 rations


   Skills:
 O Level 27 Fighting
 O Level 27 Long Blades
   Level 6.4 Axes
   Level 0.7(4.0) Maces & Flails
 + Level 1.5 Crossbows
 + Level 2.7 Throwing
 O Level 27 Armour
 + Level 12.0 Dodging
 + Level 4.9 Stealth
 O Level 27 Shields
 + Level 3.1 Unarmed Combat
 + Level 1.9 Spellcasting
 + Level 9.9 Invocations
 + Level 5.3 Evocations


You had 29 spell levels left.
You didn't know any spells.
Your spell library contained the following spells:

 Spells                   Type           Power        Failure   Level  Hunger
 Animate Skeleton         Necr           N/A          88%         1    ##.....
 Apportation              Tloc           #.....       88%         1    ##.....
 Beastly Appendage        Tmut           #.....       88%         1    ##.....
 Confusing Touch          Hex            #.....       88%         1    ##.....
 Corona                   Hex            #......      88%         1    ##.....
 Flame Tongue             Conj/Fire      #....        88%         1    ##.....
 Freeze                   Ice            #...         88%         1    ##.....
 Infusion                 Chrm           #...         88%         1    ##.....
 Magic Dart               Conj           #...         88%         1    ##.....
 Pain                     Necr           #...         88%         1    ##.....
 Sandblast                Erth           #.....       88%         1    ##.....
 Shock                    Conj/Air       #...         88%         1    ##.....
 Sting                    Conj/Pois      #...         88%         1    ##.....
 Summon Butterflies       Summ           #.......     88%         1    ##.....
 Summon Small Mammal      Summ           #...         88%         1    ##.....
 Blink                    Tloc           N/A          96%         2    ###....
 Call Imp                 Summ           #.......     96%         2    ###....
 Corpse Rot               Necr           N/A          96%         2    ###....
 Ensorcelled Hibernation  Hex/Ice        #.....       96%         2    ###....
 Passwall                 Tmut/Erth      #.......     96%         2    ###....
 Poisonous Vapours        Pois/Air       #.....       96%         2    ###....
 Searing Ray              Conj           #.....       96%         2    ###....
 Shroud of Golubria       Chrm/Tloc      #.....       96%         2    ###....
 Slow                     Hex            #.......     96%         2    ###....
 Song of Slaying          Chrm           #.......     96%         2    ###....
 Sticks to Snakes         Tmut           #.......     96%         2    ###....
 Sublimation of Blood     Necr           #.........   96%         2    ###....
 Swiftness                Chrm/Air       #.......     96%         2    ###....
 Throw Flame              Conj/Fire      #.....       96%         2    ###....
 Throw Frost              Conj/Ice       #.....       96%         2    ###....
 Call Canine Familiar     Summ           #.......     99%         3    ####...
 Confuse                  Hex            #.......     99%         3    ####...
 Conjure Flame            Conj/Fire      #.......     99%         3    ####...
 Dazzling Spray           Conj/Hex       #.....       99%         3    ####...
 Ignite Poison            Fire/Tmut/Pois #.......     99%         3    ####...
 Lesser Beckoning         Tloc           #.........   99%         3    ####...
 Mephitic Cloud           Conj/Pois/Air  #.......     99%         3    ####...
 Ozocubu's Armour         Chrm/Ice       #.......     99%         3    ####...
 Recall                   Summ/Tloc      N/A          99%         3    ####...
 Regeneration             Chrm/Necr      #.........   99%         3    ####...
 Spectral Weapon          Hex/Chrm       #.......     99%         3    ####...
 Spider Form              Tmut/Pois      #.........   99%         3    ####...
 Static Discharge         Conj/Air       #.......     99%         3    ####...
 Stone Arrow              Conj/Erth      #.....       99%         3    ####...
 Summon Guardian Golem    Hex/Summ       #.......     99%         3    ####...
 Tukima's Dance           Hex            #.......     99%         3    ####...
 Vampiric Draining        Necr           #.........   99%         3    ####...
 Airstrike                Air            #.........   100%        4    #####..
 Animate Dead             Necr           N/A          100%        4    #####..
 Force Lance              Conj/Tloc      #.......     100%        4    #####..
 Fulminant Prism          Conj/Hex       #.........   100%        4    #####..
 Ice Form                 Ice/Tmut       #.......     100%        4    #####..
 Iskenderun's Mystic Bla  Conj           #.......     100%        4    #####..
 Leda's Liquefaction      Hex/Erth       #.........   100%        4    #####..
 Olgreb's Toxic Radiance  Pois           #.......     100%        4    #####..
 Petrify                  Tmut/Erth      #.......     100%        4    #####..
 Summon Ice Beast         Ice/Summ       #.......     100%        4    #####..
 Summon Lightning Spire   Summ/Air       #.......     100%        4    #####..
 Throw Icicle             Conj/Ice       #.......     100%        4    #####..
 Agony                    Necr           #.......     100%        5    ######.
 Alistair's Intoxication  Tmut/Pois      #.......     100%        5    ######.
 Aura of Abjuration       Summ           #.........   100%        5    ######.
 Blade Hands              Tmut           #.........   100%        5    ######.
 Bolt of Draining         Conj/Necr      #.........   100%        5    ######.
 Bolt of Magma            Conj/Fire/Erth #.........   100%        5    ######.
 Borgnjor's Vile Clutch   Necr/Erth      #.........   100%        5    ######.
 Dispel Undead            Necr           #.......     100%        5    ######.
 Excruciating Wounds      Chrm/Necr      #.........   100%        5    ######.
 Fireball                 Conj/Fire      #.........   100%        5    ######.
 Irradiate                Conj/Tmut      #.........   100%        5    ######.
 Iskenderun's Battlesphe  Conj/Chrm      #.......     100%        5    ######.
 Lightning Bolt           Conj/Air       #.........   100%        5    ######.
 Metabolic Englaciation   Hex/Ice        #.........   100%        5    ######.
 Summon Demon             Summ           #.........   100%        5    ######.
 Summon Forest            Summ/Tloc      #.........   100%        5    ######.
 Summon Mana Viper        Hex/Summ       #.......     100%        5    ######.
 Venom Bolt               Conj/Pois      #.........   100%        5    ######.
 Bolt of Fire             Conj/Fire      #.........   100%        6    #######
 Darkness                 Hex            #.........   100%        6    #######
 Death Channel            Necr           #.........   100%        6    #######
 Freezing Cloud           Conj/Ice/Air   #.........   100%        6    #######
 Hydra Form               Tmut           #.........   100%        6    #######
 Invisibility             Hex            #.......     100%        6    #######
 Iron Shot                Conj/Erth      #.........   100%        6    #######
 Ozocubu's Refrigeration  Ice            #.........   100%        6    #######
 Simulacrum               Ice/Necr       #.........   100%        6    #######
 Statue Form              Tmut/Erth      #........    100%        6    #######
 Haunt                    Necr/Summ      #.........   100%        7    #######
 Malign Gateway           Summ/Tloc      #.........   100%        7    #######
 Monstrous Menagerie      Summ           #.........   100%        7    #######
 Orb of Destruction       Conj           #.........   100%        7    #######
 Ring of Flames           Chrm/Fire      #.........   100%        7    #######
 Spellforged Servitor     Conj/Summ      #.........   100%        7    #######
 Summon Greater Demon     Summ           #.........   100%        7    #######
 Summon Hydra             Summ           #.........   100%        7    #######
 Borgnjor's Revivificati  Necr           #.........   100%        8    #######
 Death's Door             Chrm/Necr      #.........   100%        8    #######
 Disjunction              Tloc           #.........   100%        8    #######
 Ignition                 Fire           #.........   100%        8    #######
 Infestation              Necr           #.........   100%        8    #######
 Necromutation            Tmut/Necr      #.........   100%        8    #######
 Summon Horrible Things   Summ           #.........   100%        8    #######
 Dragon's Call            Summ           #.........   100%        9    #######
 Shatter                  Erth           #.........   100%        9    #######
 Tornado                  Air            #.........   100%        9    #######


Dungeon Overview and Level Annotations

Branches:
Dungeon (15/15)            Temple (1/1) D:5            Lair (6/6) D:10
  Swamp (4/4) Lair:2        Snake (4/4) Lair:2        Slime (0/5) Lair:6
    Orc (2/2) D:11            Elf (3/3) Orc:2        Vaults (5/5) D:14
  Crypt (3/3) Vaults:2       Tomb (0/3) Crypt:3      Depths (5/5) D:15
   Hell (1/1)                 Dis (0/7) Hell            Geh (0/7) Hell
    Coc (0/7) Hell            Tar (0/7) Hell            Zot (0/5) Depths:5

Altars:
Cheibriados
Elyvilon
Fedhas
Gozag
Hepliaklqana
Kikubaaqudgha
Nemelex Xobeh
Okawaru
Qazlal
Ru
Sif Muna
Trog
Vehumet
Wu Jian
Yredelemnul
Zin
The Shining One
Beogh
Jiyva
Lugonu

Shops:
Orc:2 :??(   Elf:1 (   Elf:2 }   Elf:3 **   Snake:3 *   Snake:4 }}=
Vaults:5 ?

Portals:
Hell: Depths:1 Depths:2 Depths:3 Depths:4 Depths:5
Abyss: Depths:3 Depths:4
Pandemonium: Depths:3

Annotations:
D:8 2 transporters
Lair:5 3 runed translucent doors, Teoryapn's ghost, journeyman DsFE
Zig:14 exclusions: obsidian statue and orange crystal statue


Innate Abilities, Weirdness & Mutations

You reflexively headbutt those who attack you in melee.
You have a pair of horns on your head.
You have large cloven feet.
Your magical capacity is low. (-10% MP)
You are weak. (Str -2)


Message History

The redback bites you!
* * * LOW HITPOINT WARNING * * *
The tarantella bites you.
* * * LOW HITPOINT WARNING * * *
You are confused.
You feel better. You block the redback's attack. The wolf spider hits you!
* * * LOW HITPOINT WARNING * * *
You block the wolf spider's attack. The tarantella bites you.
* * * LOW HITPOINT WARNING * * *
You block the redback's attack. x2
The entropy weaver gestures wildly while chanting.
The moth of wrath barely misses you.
The wolf spider hits you but does no damage.
The wolf spider bites you!
* * * LOW HITPOINT WARNING * * *
You block the redback's attack. The tarantella misses you.
You riposte.
You hit the tarantella. You freeze the tarantella.
The tarantella is lightly wounded.
You block the redback's attack. The wolf spider hits you.
You die...

.........▓
...........▓
s...............▓
................▓▓
s.s...........∩..▓
................▓▓
....s...........▓
...........s....▓
........s..sas@...▓
........††.swyss.▓▓
.8.........ssss..▓
...........sa...▓▓
............†††▓▓
▓...s.........▓▓
▓..s......▓▓▓
▓▓▓▓▓.▓▓▓▓▓ ▓▓▓


You could see 2 emperor scorpions, 2 entropy weavers, a torpor snail (berserk),
2 wolf spiders, a moth of wrath, 3 orb spiders, a jumping spider, 2 tarantellas
and 2 redbacks.

Vanquished Creatures
  An ancient lich (Zig:12)
  2 pandemonium lords
  Mennas (Vaults:5)
  A juggernaut (Depths:3)
  Sojobo (Vaults:4)
  A greater mummy (Crypt:3)
  Boris (Crypt:2)
  2 caustic shrikes
  Frederick (Depths:5)
  A Killer Klown (Zig:4)
  Vashnia (Snake:4)
  Bai Suzhen (Elf:3)
  Saint Roka (Snake:2)
  8 golden dragons
  Margery (Vaults:3)
  Geryon (Hell)
  Nikola (Snake:2)
  2 Tzitzimimeh (Zig:9)
  2 bone dragons (Zig:9)
  The ghost of Gargoyl the Corrupter of Planes, an adept CeAK of Lugonu (Vaults:4)
  2 doom hounds (Zig:9)
  An iron giant (Zig:10)
  An electric golem (Zig:11)
  Rupert (Lair:4)
  The ghost of Angiforph the Slayer, an adept DsBe of Trog (Vaults:1)
  6 liches
  A Hell Sentinel (Zig:10)
  The ghost of neozumm the Warrior, an adept GrFi of Cheibriados (Elf:3)
  3 tentacled monstrosities
  Jorgrun (Orc:1)
  4 titans
  Murray (Hell)
  3 quicksilver dragons
  3 deep elf master archers
  2 acid blobs (Zig:8)
  2 deep elf blademasters (Elf:3)
  7 ancient champions
  An Executioner (Zig:3)
  5 sphinxes
  2 thorn hunters (Swamp:4)
  7 shadow dragons
  8 nagarajas (Snake:4)
  8 tengu reavers
  Roxanne (Snake:2)
  7 storm dragons
  Donald (Crypt:2)
  7 frost giants
  6 revenants
  A draconian monk (Depths:5)
  10 fire giants
  3 balrugs
  4 deep elf sorcerers
  2 orc warlords (Orc:2)
  2 iron dragons (Depths:3)
  3 ghost moths (Zig:14)
  An emperor scorpion (Zig:14)
  8 ghouls
  17 vault wardens
  2 caustic shrike zombies
  5 deep elf elementalists
  5 curse skulls
  3 war gargoyles
  13 ironheart preservers
  10 reapers
  A juggernaut skeleton (Zig:9)
  5 draconian stormcallers
  26 stone giants
  3 entropy weavers (Zig:14)
  22 very ugly things
  A caustic shrike skeleton (Depths:1)
  4 spriggan defenders (Depths:3)
  11 vampire knights
  A green draconian (Zig:2)
  6 deep elf demonologists
  2 red draconians (Depths:5)
  A black draconian (Depths:5)
  2 black suns (Zig:6)
  12 purple draconians (WizLab)
  Azrael (Elf:1)
  9 deep elf annihilators
  A dire elephant (Lair:6)
  A yellow draconian (Depths:5)
  A spark wasp (shapeshifter) (Depths:3)
  8 spark wasps
  2 minotaurs
  7 eidola
  12 deep elf death magi
  12 ettins
  3 merfolk javelineers
  6 mummy priests (Crypt:3)
  Josephine (Orc:2)
  2 merfolk impalers
  A death ooze (Zig:8)
  7 blizzard demons
  11 fire dragons
  9 statues (WizLab)
  7 deep elf high priests
  10 jiangshi
  11 great orbs of eyes
  18 yaktaur captains
  9 rakshasas
  Harold (Lair:1)
  24 hydras
  21 ice dragons
  Fannar (Lair:1)
  2 catoblepae
  3 ghost crabs
  22 naga warriors
  40 vault guards
  19 anacondas
  4 shambling mangroves
  9 centaur warriors
  6 spriggan air magi
  3 death knights
  An alligator (shapeshifter) (Vaults:5)
  14 ogre magi
  59 two-headed ogres
  26 dancing weapons
  9 tengu warriors
  12 deep troll earth magi
  6 vampire magi
  3 spriggan berserkers
  11 deep troll shamans
  9 death yaks
  9 shock serpents
  7 hell hogs
  A thrashing horror (Zig:7)
  Urug (D:12)
  16 alligators
  21 naga sharpshooters
  5 orc high priests (Orc:2)
  4 large abominations
  7 sun demons
  Sonja (Orc:2)
  22 deep elf knights
  11 hell knights
  6 soul eaters
  2 iron golems (Depths:5)
  A wretched star (Zig:7)
  2 fire crabs (shapeshifter)
  21 skeletal warriors
  4 shadow wraiths
  8 salamander mystics
  3 golden dragon zombies
  3 spark wasp zombies
  5 unseen horrors
  4 iron trolls
  31 deep trolls
  A swamp dragon (shapeshifter) (Depths:2)
  3 tengu zombies
  3 glowing orange brains
  7 wizards
  4 spriggan druids
  A deep troll (shapeshifter) (Zig:4)
  A kraken simulacrum (Hell)
  11 flayed ghosts
  9 swamp dragons
  An obsidian statue (Elf:3)
  14 naga ritualists
  6 sea snakes (Snake:4)
  23 deep elf archers
  15 ironbrand convokers
  6 necromancers
  Pikel (D:6)
  2 orb spiders (shapeshifter)
  16 orc knights
  16 mana vipers
  6 lindwurms
  2 harpies (shapeshifter)
  13 phantasmal warriors
  An orb spider (Zig:7)
  A wolf spider zombie (D:15)
  7 orc sorcerers
  A sphinx skeleton (Crypt:3)
  6 wolf spiders
  A frost giant zombie (Hell)
  8 manticores
  3 stone giant zombies
  4 fire giant zombies
  92 deep elf magi
  16 salamanders
  A salamander (shapeshifter) (Vaults:5)
  2 shining eyes (shapeshifter)
  35 ugly things
  10 cyclopes
  2 shining eyes (Zig:8)
  Maurice (Orc:2)
  A stone giant skeleton (Zig:9)
  A black mamba (shapeshifter) (D:14)
  2 dire elephant zombies (Crypt:2)
  An iron dragon skeleton (Zig:10)
  5 centaur zombies
  2 ice statues
  2 apocalypse crabs
  49 black mambas
  An eye of devastation (Zig:9)
  9 guardian serpents
  25 naga magi
  A molten gargoyle (Depths:5)
  12 vault sentinels
  9 rust devils
  6 orange demons
  A smoke demon (Depths:4)
  3 gargoyles
  15 spiny frogs
  A torpor snail (Lair:6)
  A death yak zombie (Crypt:1)
  6 centaur skeletons
  A komodo dragon (shapeshifter) (Vaults:2)
  An anaconda simulacrum (IceCv)
  8 ice devils
  6 rime drakes (Lair:6)
  12 komodo dragons
  2 small abominations
  3 demonic crawlers
  13 freezing wraiths
  A harpy zombie (Crypt:1)
  An efreet (D:12)
  A rime drake (shapeshifter) (Depths:1)
  An alligator snapping turtle skeleton (Crypt:3)
  A green draconian skeleton (Crypt:1)
  54 yaktaurs
  25 guardian mummies (Crypt:3)
  10 trolls
  2 meliai (shapeshifter)
  8 tengu conjurers
  2 hydra zombies
  4 red devils
  3 meliai
  A polar bear (shapeshifter) (Vaults:5)
  2 golden dragon simulacra (IceCv)
  A wind drake (shapeshifter) (Depths:2)
  A wolf spider simulacrum (IceCv)
  A queen bee (shapeshifter) (Vaults:1)
  A queen bee (Depths:3)
  2 trolls (shapeshifter)
  A jumping spider (shapeshifter) (Elf:1)
  15 hornets
  8 tyrant leeches
  4 polar bears
  6 raiju
  A hornet (shapeshifter) (Vaults:2)
  30 blink frogs
  18 bog bodies
  A fire dragon zombie (Hell)
  A deep troll zombie (Hell)
  6 dream sheep
  A dream sheep (shapeshifter) (Depths:4)
  A snapping turtle (shapeshifter) (Vaults:4)
  13 hippogriffs
  A hydra skeleton (Hell)
  An ettin zombie (Hell)
  6 shadows
  Sigmund (D:2)
  31 slime creatures
  21 flying skulls
  The ghost of skumtomte the Magician, an amateur DEFE of Vehumet (D:3)
  2 dire elephant simulacra (IceCv)
  9 spriggans
  4 redbacks
  A spriggan (shapeshifter) (D:15)
  3 air elementals
  A wyvern (shapeshifter) (Depths:1)
  A redback (shapeshifter) (Vaults:4)
  2 tarantellas (Zig:14)
  17 water elementals
  4 vampires
  19 wraiths
  4 wyverns
  A ynoxinul (Zig:7)
  2 fire dragon skeletons
  11 ushabtiu (Crypt:3)
  27 yaks
  7 basilisks
  A fire bat (shapeshifter) (Vaults:2)
  A basilisk (shapeshifter) (Elf:3)
  A death yak simulacrum (IceCv)
  15 fire elementals
  4 hungry ghosts
  Grum (Lair:1)
  8 wargs
  Menkaure (D:6)
  4 iron troll simulacra (IceCv)
  15 insubstantial wisps
  3 harpy simulacra
  19 vampire mosquitoes
  61 nagas
  12 swamp worms
  4 acid dragons
  An orb spider zombie (Crypt:3)
  3 hydra simulacra
  A faun skeleton (Crypt:3)
  8 hell hounds
  A floating eye (Depths:2)
  11 porcupines
  A two-headed ogre skeleton (Crypt:2)
  13 water moccasins
  8 swamp drakes
  7 sky beasts
  60 orc warriors
  A slave (D:6)
  2 spiny frog skeletons (Hell)
  3 ice beasts
  3 black bears
  An elephant zombie (Crypt:2)
  2 ettin simulacra (IceCv)
  A blink frog zombie (Crypt:3)
  3 eyes of draining
  An alligator simulacrum (IceCv)
  2 human zombies (Vaults:2)
  40 ogres
  6 necrophages
  4 phantoms
  27 wolves
  A lindwurm skeleton (Crypt:3)
  11 boggarts
  7 centaurs
  21 crocodiles
  3 big kobolds
  22 bullfrogs
  2 gnoll sergeants
  A tengu simulacrum (Depths:1)
  2 earth elementals
  A wyvern skeleton (D:14)
  10 scorpions
  2 elephant simulacra (IceCv)
  An elf simulacrum (Vaults:2)
  3 human simulacra
  29 killer bees
  An orc simulacrum (Vaults:2)
  14 wights
  5 howler monkeys
  An electric eel (Lair:1)
  3 spriggan skeletons
  9 crimson imps
  6 lava snakes (Snake:2)
  2 bullfrog zombies
  3 draconian simulacra (IceCv)
  6 starcursed masses (Zig:7)
  A basilisk zombie (Crypt:2)
  11 orc wizards
  5 hounds
  5 jellies
  33 orc priests
  A soldier ant zombie (Crypt:3)
  5 bullfrog skeletons
  A gnoll shaman (D:5)
  An iron imp (Zig:10)
  A basilisk skeleton (Crypt:3)
  8 iguanas
  Terence (D:2)
  2 spriggan simulacra (IceCv)
  12 worker ants
  3 troll simulacra (IceCv)
  3 centaur simulacra
  An acid dragon skeleton (Crypt:2)
  2 hound zombies
  2 hound skeletons
  8 mummies (Crypt:3)
  A howler monkey zombie (D:11)
  15 adders
  11 gnolls
  2 ogre simulacra (IceCv)
  2 naga simulacra (IceCv)
  4 shadow imps
  9 white imps
  An ufetubus (IceCv)
  3 adder zombies
  A halfling zombie (Crypt:1)
  An adder skeleton (D:5)
  3 worms
  3 dart slugs
  5 leopard geckos
  110 orcs
  5 bats
  6 giant cockroaches
  6 hobgoblins
  15 jackals
  26 kobolds
  2 quokkas
  4 ball pythons
  3 frilled lizards
  6 goblins
  A hobgoblin zombie (Crypt:1)
  A jackal skeleton (D:6)
  2 leopard gecko zombies (D:8)
  3 quokka skeletons
  A quokka zombie (Crypt:2)
  8 rats
  3 crawling corpses
  2 fungi
  4 plants (Lair:1)
  A tentacle (Hell)
2817 creatures vanquished.

Vanquished Creatures (others)
  An electric golem (Zig:11)
  3 stone giants
  An ettin (Depths:2)
  3 yaktaur captains
  A deep elf high priest (Elf:1)
  A rakshasa (Vaults:2)
  A shock serpent (Zig:11)
  A vampire mage (Depths:2)
  A deep elf mage (WizLab)
  A manticore (D:12)
  A salamander (Snake:2)
  A rust devil (Depths:5)
  A black mamba (shapeshifter) (D:12)
  A guardian serpent (Snake:4)
  A naga mage (Snake:2)
  2 vault sentinels (Vaults:4)
  11 yaktaurs
  A hydra zombie (Hell)
  A slime creature (Swamp:1)
  An ice dragon zombie (Hell)
  A yak (D:12)
  A wraith (Zig:5)
  A water moccasin (Snake:2)
  A swamp drake (Zig:13)
  2 boggarts
  An earth elemental (Elf:3)
  A spiny frog simulacrum (Hell)
  An orc simulacrum (Vaults:1)
  A bullfrog skeleton (D:12)
  An iguana (D:12)
  A white imp (Zig:5)
  An adder skeleton (D:6)
  3 orcs
  17 plants
  7 tentacles (Hell)
75 creatures vanquished.

Grand Total: 2892 creatures vanquished

Notes
Turn   | Place    | Note
-------+----------+-------------------------------------------
     0 | D:1      | Peloso the Minotaur Fighter began the quest for the Orb.
     0 | D:1      | Reached XP level 1. HP: 19/19 MP: 0/0
    56 | D:1      | Reached XP level 2. HP: 22/27 MP: 1/1
   521 | D:2      | Reached XP level 3. HP: 21/33 MP: 2/2
   633 | D:2      | Reached XP level 4. HP: 14/40 MP: 3/3
   840 | D:2      | Noticed Sigmund
   858 | D:2      | Killed Sigmund
   858 | D:2      | Reached skill level 5 in Armour
   858 | D:2      | Reached skill level 1 in Dodging
   858 | D:2      | Reached XP level 5. HP: 19/47 MP: 4/4
   897 | D:2      | HP: 2/47 [poisoned by Sigmund]
   960 | D:2      | Noticed Terence
  1386 | D:2      | Killed Terence
  1449 | D:2      | Reached skill level 5 in Shields
  1449 | D:2      | Reached XP level 6. HP: 48/53 MP: 5/5
  1975 | D:3      | Found a runed translucent door.
  1975 | D:3      | Noticed skumtomte's ghost (amateur DEFE)
  2505 | D:4      | Reached skill level 5 in Long Blades
  2506 | D:4      | Found a bloodstained altar of Trog.
  2559 | D:4      | Reached skill level 1 in Stealth
  2690 | D:4      | Reached XP level 7. HP: 60/60 MP: 6/6
  3337 | D:5      | Entered Level 5 of the Dungeon
  3594 | D:5      | Reached skill level 5 in Fighting
  3804 | D:5      | Got an ancient chain mail
  3815 | D:5      | Identified the +5 chain mail of Naer {rPois rF+++ Int-5
                  | Dex-5} (You found it on level 5 of the Dungeon)
  3815 | D:5      | Lost intelligence.
  3979 | D:5      | Found a staircase to the Ecumenical Temple.
  4109 | Temple   | Entered the Ecumenical Temple
  4118 | Temple   | Became a worshipper of Warmaster Okawaru
  4355 | D:6      | Reached XP level 8. HP: 41/68 MP: 7/7
  4497 | D:6      | Noticed Pikel
  4544 | D:6      | Killed Pikel
  4544 | D:6      | Reached * piety under Okawaru
  4653 | D:6      | Noticed Menkaure
  4664 | D:6      | Killed Menkaure
  4849 | D:7      | Reached XP level 9. HP: 75/75 MP: 8/8
  4943 | D:7      | Reached ** piety under Okawaru
  5182 | D:7      | Found a sparkling altar of Nemelex Xobeh.
  5429 | D:7      | Reached *** piety under Okawaru
  5684 | D:3      | Killed skumtomte's ghost
  5805 | D:8      | Reached skill level 10 in Long Blades
  5833 | D:8      | Found a transporter.
  5835 | D:8      | Noticed a kobold demonologist
  5879 | D:8      | Found a transporter.
  5902 | D:8      | Noticed a two-headed ogre
  5920 | D:8      | Killed a two-headed ogre
  5920 | D:8      | Reached XP level 10. HP: 63/86 MP: 6/9
  6030 | D:8      | Reached **** piety under Okawaru
  6123 | D:8      | HP: 4/86 [orc priest/divine providence (12)]
  6842 | D:9      | Reached skill level 10 in Shields
  7027 | D:9      | Noticed a two-headed ogre
  7045 | D:9      | Killed a two-headed ogre
  7393 | D:10     | Entered Level 10 of the Dungeon
  7591 | D:10     | Killed an unseen horror
  7591 | D:10     | Reached skill level 10 in Armour
  7851 | D:10     | Reached XP level 11. HP: 92/94 MP: 10/10
  7951 | D:10     | Found a staircase to the Lair.
  7959 | D:10     | Reached ***** piety under Okawaru
  8551 | D:11     | Noticed a red ugly thing
  8570 | D:11     | Killed a red ugly thing
  8749 | D:11     | Found a staircase to the Orcish Mines.
  8998 | Lair:1   | Entered Level 1 of the Lair of Beasts
  9363 | Lair:1   | Noticed Grum
  9369 | Lair:1   | Received a gift from Okawaru
  9420 | Lair:1   | Killed Grum
  9508 | Lair:1   | Noticed Harold
  9527 | Lair:1   | Killed Harold
  9536 | Lair:1   | Noticed Fannar
  9626 | Lair:1   | Killed Fannar
 10115 | Lair:1   | Noticed a death yak
 10116 | Lair:1   | Noticed a death yak
 10118 | Lair:1   | Noticed a death yak
 10119 | Lair:1   | Noticed a death yak
 10154 | Lair:1   | Killed a death yak
 10154 | Lair:1   | Reached skill level 1 in Invocations
 10171 | Lair:1   | Killed a death yak
 10171 | Lair:1   | Received a gift from Okawaru
 10179 | Lair:1   | Killed a death yak
 10179 | Lair:1   | Reached skill level 5 in Dodging
 10179 | Lair:1   | Reached XP level 12. HP: 39/105 MP: 1/12
 10190 | Lair:1   | Killed a death yak
 10197 | Lair:1   | Got a fine plate armour {god gift}
 10208 | Lair:1   | Identified the +1 plate armour of Ibua {rPois Str-5 Dex+5}
                  | (Okawaru gifted it to you on level 1 of the Lair of Beasts)
 11086 | Lair:2   | Found a staircase to the Swamp.
 11378 | Lair:2   | Found a staircase to the Snake Pit.
 11893 | Lair:3   | Found a gate leading to a gauntlet.
 11919 | Gauntlet | Entered a Gauntlet
 11919 | Gauntlet | Found a transporter.
 11919 | Gauntlet | Found a transporter.
 11928 | Gauntlet | Found a transporter.
 11932 | Gauntlet | Found a transporter.
 11938 | Gauntlet | Found a runed translucent gate.
 11940 | Gauntlet | Found a transporter.
 11941 | Gauntlet | Found a runed translucent gate.
 11942 | Gauntlet | Found a runed translucent gate.
 11944 | Gauntlet | Found a transporter.
 11952 | Gauntlet | Found a transporter.
 11969 | Gauntlet | Found a transporter.
 11984 | Gauntlet | Found a transporter.
 11988 | Gauntlet | Found a transporter.
 11990 | Gauntlet | Found a runed translucent door.
 11992 | Gauntlet | Found a runed translucent door.
 11996 | Gauntlet | Found a transporter.
 12000 | Gauntlet | Found a transporter.
 12001 | Gauntlet | Found a runed translucent door.
 12025 | Gauntlet | Noticed a catoblepas
 12073 | Gauntlet | Noticed a death ooze
 12159 | Gauntlet | Reached skill level 10 in Fighting
 12193 | Gauntlet | Killed a catoblepas
 12219 | Gauntlet | Got a steaming brass ring
 12221 | Gauntlet | Identified the ring "Faweoroi" {Ice +Fly rElec} (You found
                  | it in a Gauntlet)
 12692 | Gauntlet | Identified the amulet "Cak Goreni" {+Rage +Inv +Fly rC-
                  | Int+2}
 12692 | Gauntlet | Noticed a minotaur
 12733 | Gauntlet | Killed a minotaur
 13107 | Lair:3   | Received a gift from Okawaru
 14045 | D:12     | Noticed Urug
 14048 | D:12     | Noticed a seven-headed hydra
 14247 | D:11     | Killed a seven-headed hydra
 14432 | D:12     | Killed Urug
 14504 | D:12     | Noticed a centaur warrior
 14516 | D:12     | Received a gift from Okawaru
 14516 | D:12     | Reached XP level 13. HP: 108/114 MP: 14/14
 14526 | D:12     | Noticed a fire giant
 14539 | D:12     | Reached ****** piety under Okawaru
 14542 | D:12     | Identified the ring "Meugg" {rElec MR+ Str+5 Dex+3}
 14564 | D:12     | Identified the +5 chain mail of the Grue {*Corrode rElec
                  | rF+}
 14574 | D:12     | Killed a fire giant
 14574 | D:12     | Received a gift from Okawaru
 15218 | D:12     | Received a gift from Okawaru
 15834 | D:12     | Got a twitching steel ring
 15924 | D:12     | Identified the Papyrus of Vitriolic Calling
 15972 | D:12     | Reached skill level 1 in Evocations
 16077 | D:12     | Lost intelligence.
 16082 | D:12     | Identified the ring "Poyfeq" {Fire Dex+6} (You found it on
                  | level 12 of the Dungeon)
 16451 | D:12     | Received a gift from Okawaru
 16468 | D:12     | Got an ancient falchion {god gift}
 16469 | D:12     | Identified the +5 falchion "Minotaur's Bane" {slice, Str+4}
                  | (Okawaru gifted it to you on level 12 of the Dungeon)
 16783 | D:12     | Noticed a fire dragon
 16800 | D:12     | Killed a fire dragon
 17104 | D:12     | Reached skill level 15 in Shields
 17418 | D:13     | Received a gift from Okawaru
 17610 | D:13     | Reached XP level 14. HP: 57/124 MP: 5/15
 17857 | D:13     | Received a gift from Okawaru
 17860 | D:13     | Got a jewelled broad axe {god gift}
 17861 | D:13     | Identified the +5 broad axe "Eveseluiwk" {flame, rC+}
                  | (Okawaru gifted it to you on level 13 of the Dungeon)
 17873 | D:13     | Found a corrupted altar of Lugonu.
 18195 | D:13     | Found an ornate altar of the Wu Jian Council.
 18742 | Lair:4   | Received a gift from Okawaru
 19325 | Lair:4   | Noticed Rupert
 19339 | Lair:4   | Killed Rupert
 19339 | Lair:4   | Reached skill level 1 in Axes
 19741 | Lair:5   | Noticed Teoryapn's ghost (journeyman DsFE)
 19818 | Lair:5   | Received a gift from Okawaru
 19906 | Lair:5   | Reached skill level 15 in Long Blades
 20011 | Lair:5   | Found a runed translucent gate.
 20011 | Lair:5   | Found a runed translucent gate.
 20011 | Lair:5   | Found a runed translucent gate.
 20532 | Lair:6   | Entered Level 6 of the Lair of Beasts
 20533 | Lair:6   | Found a staircase to the Slime Pits.
 20533 | Lair:6   | Found a viscous altar of Jiyva.
 20992 | Lair:6   | Received a gift from Okawaru
 21468 | Lair:6   | Got a polished chain mail {god gift}
 21479 | Lair:6   | Identified the +8 chain mail of the Many Places {+Inv rPois
                  | MR++ Str-2 Slay+4} (Okawaru gifted it to you on level 6 of
                  | the Lair of Beasts)
 21726 | Lair:6   | Reached XP level 15. HP: 95/134 MP: 8/16
 22267 | Lair:6   | Got a crude ivory amulet
 22270 | Lair:6   | Identified the amulet "Moyjut" {Harm *Drain Int+6} (You
                  | found it on level 6 of the Lair of Beasts)
 22589 | Orc:1    | Entered Level 1 of the Orcish Mines
 22620 | Orc:1    | Found a roughly hewn altar of Beogh.
 22752 | Orc:2    | Entered Level 2 of the Orcish Mines
 22806 | Orc:2    | Noticed Josephine
 22817 | Orc:2    | Killed Josephine
 22923 | Orc:2    | Received a gift from Okawaru
 23361 | Orc:2    | Noticed Maurice
 23379 | Orc:2    | Noticed Sonja
 23394 | Orc:2    | Killed Sonja
 23396 | Orc:2    | Killed Maurice
 23558 | Orc:2    | Got a blackened dagger
 23559 | Orc:2    | Identified the +6 dagger of Losch {pierce, Fragile rF+
                  | Stlth+} (You found it on level 2 of the Orcish Mines)
 23754 | Orc:2    | Found a staircase to the Elven Halls.
 23817 | Orc:2    | Noticed an orc warlord
 23863 | Orc:2    | Killed an orc warlord
 24194 | Orc:2    | Found a roughly hewn altar of Beogh.
 24208 | Orc:2    | Found Detut's Magic Scroll Shoppe.
 24233 | Orc:2    | Bought a scroll of magic mapping for 38 gold pieces
 24233 | Orc:2    | Bought a scroll of blinking for 82 gold pieces
 24673 | Orc:2    | Found Jaakut's Antique Weapon Shop.
 24804 | Orc:2    | Found a roughly hewn altar of Beogh.
 24861 | Orc:2    | Received a gift from Okawaru
 24932 | Orc:2    | Found Nuasojil's Magic Scroll Emporium.
 24954 | Orc:2    | Bought a scroll of magic mapping for 59 gold pieces
 24954 | Orc:2    | Bought a scroll of magic mapping for 59 gold pieces
 24954 | Orc:2    | Bought a scroll of enchant weapon for 127 gold pieces
 24954 | Orc:2    | Bought a scroll of enchant weapon for 127 gold pieces
 24954 | Orc:2    | Bought a scroll of blinking for 127 gold pieces
 24954 | Orc:2    | Bought a scroll of teleportation for 51 gold pieces
 25150 | Orc:2    | Found Ovaarrug's Book Shoppe.
 25558 | Orc:1    | Noticed Jorgrun
 25567 | Orc:1    | Killed Jorgrun
 25640 | Orc:1    | Noticed an orc warlord
 25852 | Orc:2    | Killed an orc warlord
 26260 | D:14     | Received a gift from Okawaru
 26620 | D:14     | Found a gate to the Vaults.
 26854 | D:14     | Reached XP level 16. HP: 139/145 MP: 15/17
 27638 | D:15     | Entered Level 15 of the Dungeon
 27693 | D:15     | Reached skill level 15 in Armour
 28058 | D:15     | Found a bloodstained altar of Trog.
 28275 | D:15     | Found a staircase to the Depths.
 28594 | Swamp:1  | Entered Level 1 of the Swamp
 29021 | Swamp:1  | Received a gift from Okawaru
 29031 | Swamp:1  | Got a steaming double sword {god gift}
 29032 | Swamp:1  | Identified the +8 double sword "Wakhidiu" {freeze, rC+}
                  | (Okawaru gifted it to you on level 1 of the Swamp)
 29385 | Swamp:2  | Received a gift from Okawaru
 29394 | Swamp:2  | Reached skill level 5 in Axes
 29759 | Swamp:2  | Received a gift from Okawaru
 31325 | Swamp:4  | Entered Level 4 of the Swamp
 31409 | Swamp:4  | Reached XP level 17. HP: 65/154 MP: 8/18
 31832 | Swamp:4  | Reached skill level 15 in Fighting
 32023 | Swamp:4  | Received a gift from Okawaru
 32038 | Swamp:4  | Got a transparent hunting sling {god gift}
 32532 | Swamp:4  | Got a decaying rune of Zot
 33014 | Lair:1   | Identified the +8 hunting sling "Beudecei" {freeze, Str+3
                  | Int+2} (Okawaru gifted it to you on level 4 of the Swamp)
 33143 | Snake:1  | Entered Level 1 of the Snake Pit
 33174 | Snake:1  | Received a gift from Okawaru
 33354 | Snake:1  | Found a frozen archway.
 33364 | IceCv    | Entered an ice cave
 34308 | IceCv    | Got a pitted lajatang
 35365 | Snake:1  | Received a gift from Okawaru
 35414 | Snake:1  | Got a transparent long sword
 35415 | Snake:1  | Identified the cursed +0 long sword of Uggutouxt {holy,
                  | *Noise Str+4 Int+7} (You found it on level 1 of the Snake
                  | Pit)
 35758 | Snake:2  | Noticed Saint Roka
 35789 | Snake:2  | Killed Saint Roka
 35818 | Snake:2  | Found a stormy altar of Qazlal.
 35829 | Snake:2  | Noticed Nikola
 35847 | Snake:2  | Killed Nikola
 35847 | Snake:2  | Received a gift from Okawaru
 35889 | Snake:2  | Noticed Roxanne
 36150 | Snake:2  | Reached XP level 18. HP: 112/166 MP: 19/19
 36386 | Snake:2  | Got a faintly glowing whip
 36387 | Snake:2  | Identified the cursed +0 lajatang of Eruggesh {holy, Str+2}
                  | (You found it in an ice cave)
 36390 | Snake:2  | Identified the +10 whip "Acarineslayer" {freeze, rC+ Int+4}
                  | (You found it on level 2 of the Snake Pit)
 37022 | Snake:2  | Killed Roxanne
 37022 | Snake:2  | Received a gift from Okawaru
 37521 | Elf:1    | Entered Level 1 of the Elven Halls
 37594 | Elf:1    | Found Tuskiptu's Weapon Shop.
 37668 | Elf:1    | Identified the Handbook of the Entourage
 38279 | Elf:1    | Noticed Azrael
 38297 | Elf:1    | Killed Azrael
 39339 | Elf:2    | Found Wamn's Gadget Shop.
 39406 | Elf:2    | Received a gift from Okawaru
 39425 | Elf:2    | Found a runed translucent gate.
 39425 | Elf:2    | Found a runed translucent gate.
 39543 | Elf:2    | Found a runed translucent gate.
 39724 | Elf:3    | Entered Level 3 of the Elven Halls
 39731 | Elf:3    | Found a portal to a secret trove of treasure.
 40226 | Elf:3    | Found a runed translucent gate.
 40226 | Elf:3    | Found a runed translucent gate.
 40226 | Elf:3    | Found Firioff's Assorted Antiques.
 40227 | Elf:3    | Found a runed translucent gate.
 40227 | Elf:3    | Found an opulent altar of Gozag.
 40227 | Elf:3    | Noticed neozumm's ghost (adept GrFi)
 40228 | Elf:3    | Found Maleat's Assorted Antiques.
 40256 | Elf:3    | Killed neozumm's ghost
 40264 | Elf:3    | Received a gift from Okawaru
 41060 | Elf:3    | Identified the +11 long sword of Ijyen {flame, MR- Str+8
                  | Dex+3 SInv}
 41060 | Elf:3    | Identified the ring "Faugim" {Fire rN+ Str-5 SInv}
 41093 | Elf:3    | Identified the +2 robe "Dukij" {+Inv}
 41093 | Elf:3    | Identified the ring of Bodily Harmony {rElec rF+++ MR+ MP+9
                  | Str+2 Int-4}
 41105 | Elf:3    | Reached XP level 19. HP: 167/177 MP: 20/20
 41635 | Elf:3    | Noticed Bai Suzhen
 41649 | Elf:3    | Killed Bai Suzhen
 41653 | Elf:3    | Identified the ring "Bestora" {rC+ rN+ Str-4 Int+2 Dex+5}
 41667 | Elf:3    | Received a gift from Okawaru
 42395 | Elf:3    | Got a translucent large shield {god gift}
 42406 | Elf:3    | Identified the +8 large shield of Disguise {MR+ Int+4}
                  | (Okawaru gifted it to you on level 3 of the Elven Halls)
 42437 | Elf:3    | Identified the +2 troll leather armour "Panuv" {rElec rC+
                  | Regen+ Str+3 Dex+2}
 42977 | Elf:3    | Identified the Papyrus of Boosting Companions
 42990 | Elf:3    | Got a pair of ancient gloves
 43001 | Elf:3    | Identified the +2 pair of gloves "Pazal" {Int+4 Dex+2} (You
                  | found it on level 3 of the Elven Halls)
 43003 | Elf:3    | Found the +2 pair of boots of the Assassin {Detection Stab+
                  | Stlth++}
 44373 | Elf:3    | You paid a toll of a +6 demon blade to enter a treasure
                  | trove
 44374 | Trove    | Entered a treasure trove
 44384 | Trove    | Got a faintly glowing copper ring
 44392 | Trove    | Got a clouded amber ring
 44395 | Trove    | Got a steaming bone amulet
 44397 | Trove    | Got a pitted amber ring
 44403 | Trove    | Got a heavily runed platinum ring
 44405 | Trove    | Got a scintillating ruby amulet
 44407 | Trove    | Got a bound turquoise ring
 44424 | Trove    | Identified the ring "Besm" {+Blink rElec MP+9 Int-5 Stlth-}
                  | (You found it in a treasure trove)
 44812 | Lair:1   | Identified the amulet of Puep {RegenMP rN++ Str-2} (You
                  | found it in a treasure trove)
 44829 | Lair:1   | Identified the amulet "Derompil" {Harm *Drain rN+ Dex+2}
                  | (You found it in a treasure trove)
 44834 | Lair:1   | Identified the ring "Uxkiupump" {rC+ MR+++ Slay+3} (You
                  | found it in a treasure trove)
 44838 | Lair:1   | Identified the ring "Fuak" {rC+ Slay+3} (You found it in a
                  | treasure trove)
 44847 | Lair:1   | Identified the ring "Fekhlesoju" {rElec Str+2 Int+4 Stlth+}
                  | (You found it in a treasure trove)
 44853 | Lair:1   | Identified the ring of Jefuor {Int+2 Dex+2} (You found it
                  | in a treasure trove)
 44994 | Snake:3  | Received a gift from Okawaru
 45044 | Snake:3  | Got a bloodstained falchion {god gift}
 45045 | Snake:3  | Identified the +12 falchion "Giantbane" {slice, +Blink
                  | rElec rPois Str+3} (Okawaru gifted it to you on level 3 of
                  | the Snake Pit)
 45232 | Snake:3  | Found a white marble altar of Elyvilon.
 45493 | Snake:3  | Reached skill level 10 in Dodging
 45518 | Snake:3  | Found Zutu Hososm's Mass Market.
 45941 | Snake:4  | Entered Level 4 of the Snake Pit
 46213 | Snake:4  | Reached XP level 20. HP: 179/189 MP: 22/22
 46271 | Snake:4  | Received a gift from Okawaru
 46398 | Snake:4  | Noticed Vashnia
 46420 | Snake:4  | Killed Vashnia
 47091 | Snake:4  | Found Keil's Jewellery Emporium.
 47091 | Snake:4  | Found Yruciff's Gadget Shop.
 47092 | Snake:4  | Found Doocw's Gadget Shop.
 47147 | Snake:4  | Received a gift from Okawaru
 47731 | Snake:4  | Received a gift from Okawaru
 47738 | Snake:4  | Got warped storm dragon scales {god gift}
 47765 | Snake:4  | Identified the +1 storm dragon scales of Disaster {+Fly
                  | rElec Str+4 Dex+2} (Okawaru gifted it to you on level 4 of
                  | the Snake Pit)
 48121 | Snake:4  | Got a serpentine rune of Zot
 48890 | Vaults:1 | Entered Level 1 of the Vaults
 49111 | Vaults:1 | Received a gift from Okawaru
 49217 | Vaults:1 | Reached XP level 21. HP: 172/198 MP: 23/23
 49383 | Vaults:1 | Found a runed translucent door.
 49383 | Vaults:1 | Noticed Angiforph's ghost (adept DsBe)
 49457 | Vaults:1 | Received a gift from Okawaru
 50441 | Vaults:1 | Killed Angiforph's ghost
 50875 | Vaults:2 | You fall into a shaft and drop 1 floor!
 51274 | Vaults:2 | Received a gift from Okawaru
 51645 | Vaults:2 | Found a staircase to the Crypt.
 52068 | Vaults:3 | Received a gift from Okawaru
 52287 | Vaults:3 | Reached XP level 22. HP: 209/209 MP: 24/24
 52325 | Vaults:3 | Noticed Margery
 52335 | Vaults:3 | Killed Margery
 52431 | Vaults:3 | You fall into a shaft and drop 1 floor!
 52457 | Vaults:4 | Found a runed translucent door.
 52457 | Vaults:4 | Noticed Gargoyl's ghost (adept CeAK)
 52476 | Vaults:4 | Killed Gargoyl's ghost
 52480 | Vaults:4 | Got a brightly glowing glaive
 52573 | Vaults:4 | Got an ancient halberd
 52670 | Vaults:3 | Received a gift from Okawaru
 53930 | Vaults:4 | Noticed Sojobo
 53953 | Vaults:4 | Killed Sojobo
 54348 | Vaults:5 | Entered Level 5 of the Vaults
 54350 | Vaults:5 | Noticed Mennas
 54367 | Vaults:4 | Received a gift from Okawaru
 54709 | Vaults:5 | Killed Mennas
 54962 | Vaults:5 | Noticed a golden dragon
 54978 | Vaults:5 | Received a gift from Okawaru
 54978 | Vaults:5 | Reached skill level 27 in Shields
 54988 | Vaults:5 | Killed a golden dragon
 55007 | Vaults:5 | Got a smoking crystal plate armour {god gift}
 55038 | Vaults:5 | Reached XP level 23. HP: 198/220 MP: 25/25
 55076 | Vaults:4 | Identified the +13 crystal plate armour of Absence {rElec
                  | rN+} (Okawaru gifted it to you on level 5 of the Vaults)
 55623 | Lair:1   | Identified the +2 glaive of Tumuz {speed, Str+7} (You found
                  | it on level 4 of the Vaults)
 55626 | Lair:1   | Identified the +9 halberd of Greatest Utility {chop, Str+2}
                  | (You found it on level 4 of the Vaults)
 56176 | Vaults:5 | Got a pitted scale mail
 56188 | Vaults:5 | Identified the Grimoire of Calling
 56425 | Vaults:5 | Identified the ring "Moabbiown" {rPois rC+ Str-3 Int+4}
 56525 | Vaults:5 | Found Aczas's Magic Scroll Shoppe.
 56566 | Vaults:5 | Got a silver rune of Zot
 56571 | Vaults:5 | Bought a scroll of acquirement for 728 gold pieces
 56571 | Vaults:5 | Bought a scroll of identify for 28 gold pieces
 56571 | Vaults:5 | Bought a scroll of identify for 28 gold pieces
 56571 | Vaults:5 | Bought a scroll of fog for 28 gold pieces
 56650 | Vaults:5 | Identified the ring of Wexeej {rN+ Dex+4}
 57049 | Lair:1   | Identified the +3 scale mail of Pantheism {MR+++ Int+7
                  | Dex-3} (You found it on level 5 of the Vaults)
 57705 | Vaults:5 | Received a gift from Okawaru
 57828 | Vaults:5 | Got a pitted chain mail
 57831 | Vaults:5 | Got a slimy mace
 57834 | Vaults:5 | Identified the +8 mace "Siefi" {crush, rC+ Dex+4} (You
                  | found it on level 5 of the Vaults)
 57848 | Vaults:5 | Identified the +6 chain mail of New Discoveries {rN+
                  | Slay+5} (You found it on level 5 of the Vaults)
 58175 | Vaults:5 | Got a distressingly furry chain mail
 58532 | Vaults:5 | Identified the cursed +0 chain mail of Wonder {rN+++} (You
                  | found it on level 5 of the Vaults)
 58863 | Lair:1   | Upgraded the game from 0.24-a0-536-gdd4cf15266 to
                  | 0.24-a0-537-g2d01d4ab0a
 59332 | Crypt:1  | Entered Level 1 of the Crypt
 60354 | Crypt:2  | Noticed Donald
 60369 | Crypt:2  | Killed Donald
 60477 | Crypt:2  | Found a magical portal.
 60482 | WizLab   | Entered Iskenderun's Mystic Tower
 60964 | WizLab   | Reached XP level 24. HP: 172/234 MP: 25/25
 61177 | WizLab   | Identified Iskenderun's Papyrus of Attacks
 61177 | WizLab   | Identified Iskenderun's Papyrus of Battle Magic
 61192 | WizLab   | Identified The Handbook of Greatest Risks and Utility
 61192 | WizLab   | Identified the Reference Book on Captivating Evil
 61851 | Crypt:2  | Noticed Boris
 61862 | Crypt:2  | Killed Boris
 61862 | Crypt:2  | Received a gift from Okawaru
 61880 | Crypt:2  | Got a shimmering double sword {god gift}
 61881 | Crypt:2  | Identified the +8 double sword of the Spectre {pain, rC+}
                  | (Okawaru gifted it to you on level 2 of the Crypt)
 62579 | Crypt:3  | Entered Level 3 of the Crypt
 64472 | Crypt:3  | Found a staircase to the Tomb.
 64664 | Crypt:3  | Noticed a greater mummy
 65302 | Crypt:3  | Killed a greater mummy
 65904 | Crypt:3  | Identified the ring "Hagas" {MP+9 Dex+3}
 67941 | Depths:1 | Entered Level 1 of the Depths
 68133 | Depths:1 | Received a gift from Okawaru
 68136 | Depths:1 | Got a jewelled hat {god gift}
 68147 | Depths:1 | Identified the +2 hat of the Duke {Dex+3 Slay+3} (Okawaru
                  | gifted it to you on level 1 of the Depths)
 68158 | Depths:1 | Found a gateway to Hell.
 68713 | Depths:1 | Got a scorched iron amulet
 68714 | Depths:1 | Identified the amulet "Citixij" {Spirit SInv Stlth+} (You
                  | acquired it on level 1 of the Depths)
 68781 | Depths:1 | Reached XP level 25. HP: 246/246 MP: 25/25
 69013 | Depths:2 | Found a gateway to a ziggurat.
 69770 | Depths:2 | You fall into a shaft and drop 1 floor!
 69814 | Depths:3 | Found a runed translucent door.
 69898 | Depths:3 | Got an ichor-stained ring mail
 69899 | Depths:3 | Identified the +0 ring mail "Xiemeuhy" {rElec rPois Str+4
                  | Int+4} (You found it on level 3 of the Depths)
 69921 | Depths:3 | Noticed a juggernaut
 70245 | Depths:2 | Received a gift from Okawaru
 70359 | Depths:2 | Got jewelled pearl dragon scales
 70414 | Depths:2 | Paralysed by a floating eye for 3 turns
 70468 | Depths:2 | Identified the +6 pearl dragon scales of the Earth {rN+
                  | Int+3 Slay+2} (You found it on level 2 of the Depths)
 71630 | Depths:3 | Identified the amulet of Wishful Thinking {Spirit Dex+8}
 71631 | Depths:3 | Identified the +12 broad axe of Totyn {speed, *Noise Int+6
                  | Dex+6}
 72498 | Depths:3 | Identified the +3 scale mail of Intuition {*Corrode +Inv
                  | rF+ Regen+}
 72571 | Depths:3 | Killed a juggernaut
 73227 | Depths:3 | Received a gift from Okawaru
 73246 | Depths:3 | Reached XP level 26. HP: 89/260 MP: 25/25
 73257 | Depths:3 | Found a one-way gate leading to the halls of Pandemonium.
 73561 | Depths:3 | Found a one-way gate to the infinite horrors of the Abyss.
 73628 | Depths:3 | Identified Gierghyl's Volume of the Escort and Execration
 76309 | Depths:4 | Got a shimmering glass ring
 76566 | Depths:4 | Reached skill level 27 in Long Blades
 76783 | Depths:5 | Entered Level 5 of the Depths
 76813 | Depths:5 | Received a gift from Okawaru
 76955 | Depths:5 | Noticed Frederick
 76963 | Depths:5 | Killed Frederick
 76963 | Depths:5 | Received a gift from Okawaru
 77439 | Depths:5 | Reached skill level 27 in Fighting
 77477 | Depths:5 | Found a gate to the Realm of Zot.
 78028 | Depths:5 | Got a translucent shield
 78048 | Depths:5 | Identified the +4 shield of a Million Wars {rC+ Str+8} (You
                  | acquired it on level 5 of the Depths)
 78068 | Depths:5 | Identified the ring "Wycvynge" {rN+ MR+ Int+6} (You found
                  | it on level 4 of the Depths)
 79361 | Hell     | Entered the Vestibule of Hell
 79361 | Hell     | Noticed Geryon
 79388 | Hell     | Noticed Murray
 79930 | Hell     | Killed Murray
 80469 | Depths:5 | Reached XP level 27. HP: 240/273 MP: 25/25
 81819 | Hell     | Killed Geryon
 82045 | Hell     | Found a gateway to the freezing wastes of Cocytus.
 82111 | Hell     | Found a gateway to the ashen valley of Gehenna.
 82157 | Hell     | Found a gateway to the decaying netherworld of Tartarus.
 82310 | Hell     | Found a gateway to the Iron City of Dis.
 83667 | Depths:3 | Found the +0 mask of the Dragon {MR+ Slay+3 SInv}
 83681 | Depths:3 | Got a pair of scorched gloves
 83692 | Depths:3 | Identified the +2 pair of gloves of Noidghep {+Inv rF+ MR-
                  | Str+2} (You acquired it on level 3 of the Depths)
 84176 | Zig:1    | Entered Level 1 of a ziggurat
 84194 | Zig:2    | Entered Level 2 of a ziggurat
 84203 | Zig:2    | Received a gift from Okawaru
 84222 | Zig:2    | Got an encrusted falchion {god gift}
 84223 | Zig:2    | Identified the +1 falchion of Flawed Execution {freeze,
                  | rN+} (Okawaru gifted it to you on level 2 of a ziggurat)
 84233 | Zig:3    | Entered Level 3 of a ziggurat
 84233 | Zig:3    | Noticed Eneavvec the pandemonium lord
 84248 | Zig:3    | Killed Eneavvec the pandemonium lord
 84297 | Zig:4    | Entered Level 4 of a ziggurat
 84341 | Zig:4    | Got a scorched turquoise ring
 84351 | Zig:4    | Identified the ring "Lifagam" {Dex+4 SInv Stlth-} (You
                  | found it on level 4 of a ziggurat)
 84398 | Zig:5    | Entered Level 5 of a ziggurat
 84582 | Zig:6    | Entered Level 6 of a ziggurat
 84584 | Zig:6    | Noticed Iruqof the pandemonium lord
 84622 | Zig:6    | Killed Iruqof the pandemonium lord
 84625 | Zig:6    | Reached skill level 5 in Invocations
 85227 | Zig:7    | Entered Level 7 of a ziggurat
 85250 | Zig:7    | Paralysed by accursed screaming for 2 turns
 85509 | Zig:8    | Entered Level 8 of a ziggurat
 85521 | Zig:8    | Gained mutation: You are weak. (Str -2) [a shining eye]
 85525 | Zig:8    | Gained mutation: Your magical capacity is low. (-10% MP) [a
                  | shining eye]
 85571 | Zig:8    | Gained mutation: You have large cloven feet. [a shining
                  | eye]
 85848 | Zig:9    | Entered Level 9 of a ziggurat
 85937 | Zig:9    | Received a gift from Okawaru
 86275 | Zig:9    | Identified the Papyrus of the Earthen Frostbite
 86289 | Zig:9    | Got a jewelled dagger
 86303 | Zig:9    | Identified the +9 dagger of Othreh {pierce, *Slow rElec
                  | Str+4} (You found it on level 9 of a ziggurat)
 86554 | Zig:10   | Entered Level 10 of a ziggurat
 87063 | Zig:10   | Reached skill level 1 in Throwing
 87063 | Zig:10   | Reached skill level 1 in Unarmed Combat
 87063 | Zig:10   | Reached skill level 1 in Spellcasting
 87201 | Zig:11   | Entered Level 11 of a ziggurat
 87875 | Zig:11   | Found the amulet of Vitality {Regen+ HP+15}
 87880 | Zig:11   | Got a faintly glowing zirconium amulet
 87886 | Zig:11   | Got a slimy glass ring
 87890 | Zig:11   | Identified Giew's Tome of Congealing Transmigration
 87911 | Zig:11   | Identified the amulet of Obsession {Reflect Int+3 SH+2}
                  | (You found it on level 11 of a ziggurat)
 87912 | Zig:11   | Identified the ring of Juagec {rElec EV+2} (You found it on
                  | level 11 of a ziggurat)
 87935 | Zig:12   | Entered Level 12 of a ziggurat
 88066 | Zig:12   | Noticed an ancient lich
 88097 | Zig:12   | Killed an ancient lich
 88117 | Zig:12   | Received a gift from Okawaru
 88149 | Zig:12   | Reached skill level 5 in Evocations
 88529 | Zig:12   | Got a slimy crystal plate armour {god gift}
 88540 | Zig:12   | Identified the +1 crystal plate armour of Eternal Vigilance
                  | {rElec rC+ Int+4} (Okawaru gifted it to you on level 12 of
                  | a ziggurat)
 88572 | Zig:12   | Got a brightly glowing hand crossbow
 88573 | Zig:12   | Identified the +7 hand crossbow of Yheirif {flame, rF+++
                  | Int-3 SInv} (You found it on level 12 of a ziggurat)
 88591 | Zig:12   | Identified Qag Zimu's Tome of Intoxication and Clay
 88596 | Zig:12   | Identified the Incunabulum of Congealing Combat Magic
 88647 | Zig:13   | Entered Level 13 of a ziggurat
 88933 | Zig:13   | Reached skill level 1 in Crossbows
 88962 | Zig:13   | Got a pair of brightly glowing gloves
 88977 | Zig:13   | Identified the cursed +0 pair of gloves of Parlour Games
                  | {MR+} (You found it on level 13 of a ziggurat)
 89035 | Zig:14   | Entered Level 14 of a ziggurat
 89057 | Zig:14   | Reached skill level 27 in Armour
 89119 | Zig:14   | HP: 7/273 [redback (19)]
 89124 | Zig:14   | HP: 11/273 [wolf spider (11)]
 89124 | Zig:14   | HP: 3/273 [wolf spider (7)]
 89124 | Zig:14   | Slain by a wolf spider

Levels and vault maps discovered:
D:1:      eino_arrival_water_cross, layout_rooms
D:2:      layout_loops_ring, uniq_terence, uniq_sigmund
D:3:      layout_basic, ebering_ghost_reflecting_pool, first_ration,
          minmay_misc_feat_diagonals
D:4:      layout_gridville, trog_hazing_becter
D:5:      layout_basic, minmay_temple_entry_statues
D:6:      layout_rooms, uniq_pikel, uniq_menkaure
D:7:      layout_basic, nemelex_altar_shiori
D:8:      gammafunk_wand_slinger, layout_basic
D:9:      layout_irregular_city
D:10:     layout_basic, grunt_lair_entry_orc_guard_hut
D:11:     layout_loops_cross, orc_0_dummy
D:12:     minmay_the_grid_square_5x5_5x5_mashed
          [minmay_the_grid_square_5x5_almost_minimal,
          minmay_the_grid_square_5x5_shuriken,
          minmay_the_grid_square_5x5_beaten_path,
          minmay_the_grid_square_5x5_bracketed, minmay_the_grid_square_5x5_two,
          minmay_the_grid_square_5x5_checkered_sparse,
          minmay_the_grid_square_5x5_prize_gold,
          minmay_the_grid_square_5x5_broken_cross,
          minmay_the_grid_square_5x5_prize_junk,
          minmay_the_grid_square_5x5_six_small,
          minmay_the_grid_square_5x5_intrusive_squares,
          minmay_the_grid_square_5x5_three,
          minmay_the_grid_square_5x5_prize_monsterx,
          minmay_the_grid_square_5x5_mess, minmay_the_grid_square_5x5_dogpile,
          minmay_the_grid_square_5x5_minibox,
          minmay_the_grid_square_5x5_prize_rear_guard,
          minmay_the_grid_square_5x5_moneybag,
          minmay_the_grid_square_5x5_prize_snowflake,
          minmay_the_grid_square_5x5_six, minmay_the_grid_square_5x5_checkered,
          minmay_the_grid_square_5x5_eight_small,
          minmay_the_grid_square_5x5_two_walls_b,
          minmay_the_grid_square_5x5_tri_point,
          minmay_the_grid_square_5x5_comb], layout_long_grid, uniq_urug
D:13:     layout_roguey, basic_altar, hangedman_stone_soup, tgw_lugonu_bribe
D:14:     layout_rooms, erik_vaults_2, minivault_27
D:15:     grunt_enter_depths_magical_seal, layout_irregular_city, basic_altar,
          minmay_misc_feat_roman, nrook_mini_vaults
Temple:   dpeg_three_leaves_temple
Lair:1:   layout_chaotic_city, serial_bayou_lagoon_b, grunt_megastairs_4,
          uniq_harold, uniq_fannar, uniq_grum
Lair:2:   layout_regular_city, swamp_mist, minmay_snake_entry_guardpost_large,
          cheibrodos_lair_lostbears
Lair:3:   layout_loops_ring, serial_rivers, chequers_serial_rivers_micro_a,
          chequers_serial_rivers_large_b, chequers_serial_rivers_small_a,
          chequers_serial_rivers_large_a, chequers_serial_rivers_micro_c,
          chequers_serial_rivers_micro_b, gauntlet_entry_generic,
          serial_bayou_shore_b, infiniplex_staircase_pool_2
Lair:4:   layout_cave_pods, uniq_rupert
Lair:5:   layout_loops_ring, gammafunk_ghost_icy, infiniplex_staircase_pool
Lair:6:   hangedman_lair_in_review, layout_regular_city, slime_altar_1
Swamp:1:  layout_basic_swamp, evilmike_swamp_ruin_rubble_2
Swamp:2:  layout_basic_swamp, serial_swamp_ruin, evilmike_swamp_ruin_house_4,
          evilmike_swamp_ruin_rubble_1, evilmike_swamp_ruin_house_3,
          swamp_pool1, hangedman_swamp_pad
Swamp:3:  layout_basic_swamp, hangedman_swamp_ruin_wall
Swamp:4:  swamp_basic_johnstein, layout_basic_swamp, swamp_pool2, kb_tengu_band
Snake:1:  layout_misc_corridors, portal_ice_cave_entry_pillars_1,
          lemuel_fruit_tree
Snake:2:  layout_cave_town, basic_altar, nicolae_snake_lava_pool, uniq_nikola,
          uniq_saint_roka, uniq_roxanne
Snake:3:  layout_cave_town, basic_altar, minmay_shop_mass, grunt_megastairs_3
Snake:4:  snake_pit_salamanders_mu, layout_cave_town, serial_bayou_crossing,
          serial_bayou_shore_a, minmay_shop_grove, serial_bayou_shore_b,
          uniq_vashnia
Orc:1:    layout_caves, basic_altar, uniq_jorgrun
Orc:2:    pubby_orc_utopia, uniq_maurice, uniq_josephine, uniq_sonja
Elf:1:    elf_arrival_001, layout_geoelf_grid, serial_shops, shop_coins,
          minmay_elf_demonology, grunt_megastairs_1, uniq_azrael
Elf:2:    layout_loops_cross, serial_shops, shop, einodemon_barbed_minivault
Elf:3:    minmay_elf_hall_not_hex, layout_loops_cross, enter_trove_2,
          ebering_ghost_gozag, dk_noncrumbling_4, uniq_bai_suzhen
Vaults:1: ebering_vaults_ghost_inner_flame, v_misc_32, v_rooms_6,
          vaults_room_fancy_cross, v_pattern_1, hangedman_vaults_hat, v_misc_8,
          v_misc_2, hangedman_vaults_maws, vaults_room_semicircle,
          nicolae_vaults_little_squares_3, nicolae_vaults_diagonal_hallway_6,
          grunt_vaults_hallway_short, v_misc_23,
          nicolae_vaults_little_squares_1, ontoclasm_vaults_decontamination,
          layout_vaults_omnicross
Vaults:2: vaults_room_grid, ontoclasm_vaults_claustrophobia,
          hangedman_vaults_restitches, v_alt_pattern_5, nicolae_vaults_asterisk,
          hangedman_vaults_nails, nicolae_vaults_ring_of_whatevers, v_misc_15,
          hangedman_vaults_cutoff, vaults_room_corners, layout_vaults_omnigrid,
          dummy_crypt_entry
Vaults:3: v_rooms_5, grunt_vaults_funnel, v_misc_9, nicolae_vaults_asterisk,
          nicolae_vaults_stairing_the_circle, v_misc_30,
          hangedman_vaults_variations, vaults_mumra_chevron_long,
          nicolae_vaults_circle_grid_a, nicolae_vaults_hallways_thing,
          nicolae_vaults_little_ls, v_misc_14, layout_vaults_omnibox,
          uniq_margery
Vaults:4: gammafunk_vaults_ghost_grave, hangedman_vaults_impose, v_misc_33,
          v_misc_23, v_misc_8, nicolae_vaults_network_star,
          hangedman_vaults_capsules, nicolae_vaults_circle_grid_a,
          nicolae_vaults_border_crossing, nicolae_vaults_mini_display_case,
          ontoclasm_vaults_ligature, ontoclasm_vaults_gateway,
          nicolae_vaults_rhombus_6, layout_vaults_ring, uniq_sojobo
Vaults:5: serial_shops, uniq_mennas
Crypt:1:  layout_catacombs, serial_sigils_hangedman_leer, minmay_misc_feat_five,
          nicolae_crypt_small_crypt, nicolae_crypt_ancient_font, hex_tiny,
          minmay_misc_feat_columns
Crypt:2:  layout_regular_city, mu_enter_wizlab_7, hangedman_batty, uniq_donald,
          uniq_boris
Crypt:3:  due_elkab, layout_chaotic_city
Depths:1: layout_cave_pools, grunt_hell_entry_dis_mu,
          hangedman_decor_peaks_small, serial_sigils_hangedman_scratch,
          evilmike_minifort
Depths:2: minmay_spiral_squares, layout_basic, enter_ziggurat_b, abandoned_shop,
          hell_entry, chequers_jeans, minmay_crystal_room
Depths:3: box_level_dp, hell_entry, abyss_entry, pan_entry
Depths:4: minmay_triangles_in_corner, layout_basic, hellmouth_1,
          chequers_big_river, abyss_entry, infiniplex_staircase_spiral
Depths:5: evilmike_zot_entry_argh, layout_basic, chequers_serial_rivers_marsh,
          hell_entry, kennysheep_underground_church, uniq_frederick
Hell
Zig:14

Skill      XL: |  1  2  3  4  5  6  7  8  9 10 11 12 13 14 15 16 17 18 19 20 21 22 23 24 25 26 27 |
---------------+----------------------------------------------------------------------------------+-----
Fighting       | 4 5 7 8 9 10 11 12 13 14 16 17 18 19 20 21 22 24 25 27 | 27.0
Armour         | 4 5 6 7 8 10 11 12 13 14 15 16 17 18 19 20 21 23 27 | 27.0
Shields        | 4 5 6 7 9 10 12 13 15 17 18 19 21 22 23 24 25 27 | 27.0
Long Blades    | 4 5 6 8 10 11 13 14 15 16 17 18 19 20 21 22 23 24 26 27 | 27.0
Dodging        | 1 2 3 4 5 6 7 8 9 10 11 12 | 12.0
Stealth        | 1 2 3 4 |  4.9
Invocations    | 1 3 4 9 |  9.9
Evocations     | 1 2 3 5 |  5.3
Axes           | 2 3 6 |  6.4
Throwing       | 2 |  2.7
Unarmed Combat | 3 |  3.1
Spellcasting   | 1 |  1.9
Crossbows      | 1 |  1.5
Maces & Flails | |  0.7

Action                   |  1- 3 |  4- 6 |  7- 9 | 10-12 | 13-15 | 16-18 | 19-21 | 22-24 | 25-27 || total
-------------------------+-------+-------+-------+-------+-------+-------+-------+-------+-------++-------
Melee: Long sword        |    83 |   112 |   345 |       |       |       |       |       |       ||   540
       Headbutt          |    14 |    25 |    71 |   173 |   511 |   426 |   386 |   598 |   755 ||  2959
       Falchion          |       |       |   142 |   986 |  1372 |   230 |       |       |   377 ||  3107
       Whip              |       |       |       |     8 |       |       |       |       |       ||     8
       Scimitar          |       |       |       |       |   108 |       |       |       |       ||   108
       Broad axe         |       |       |       |       |    26 |    12 |       |       |       ||    38
       Double sword      |       |       |       |       |       |  1030 |  1240 |  1616 |  1482 ||  5368
       Demon blade       |       |       |       |       |       |    22 |       |       |       ||    22
Invok: Heroism           |       |       |     2 |    15 |    14 |     1 |     1 |     3 |    14 ||    50
       Finesse           |       |       |       |     5 |       |       |       |       |     6 ||    11
 Abil: Evoke Flight      |       |       |       |     1 |       |     3 |       |       |       ||     4
Evoke: Wand              |       |       |       |     4 |    19 |     5 |     5 |       |     7 ||    40
  Use: Scroll            |     6 |     3 |     1 |    13 |     6 |     9 |     9 |    12 |    27 ||    86
       Potion            |       |     4 |       |     4 |     2 |     4 |       |     9 |    23 ||    46
 Stab: Sleeping          |       |       |       |       |       |       |     4 |       |       ||     4
       Distracted        |       |       |       |       |       |       |     1 |     1 |       ||     2
  Eat: Chunk             |       |     6 |     7 |    18 |    35 |    29 |    23 |    20 |    20 ||   158
       Ration            |       |       |     2 |     3 |     2 |     5 |     4 |    10 |    14 ||    40
Armor: Scale mail        |    41 |    28 |       |       |       |       |       |       |       ||    69
       Chain mail        |       |    14 |   288 |   552 |   371 |   440 |   243 |   139 |       ||  2047
       Storm dragon scal |       |       |       |       |       |       |     1 |       |       ||     1
       Crystal plate arm |       |       |       |       |       |       |       |   425 |  1355 ||  1780
Dodge: Dodged            |    43 |    35 |   142 |   289 |   495 |   520 |   314 |   396 |  1199 ||  3433
Block: Shield            |    48 |    70 |   278 |   492 |  1058 |  1008 |    61 |       |   741 ||  3756
       Large shield      |       |       |       |       |       |       |  1671 |  2109 |  2470 ||  6250
       Reflection        |       |       |       |       |       |       |    64 |    83 |   104 ||   251
       Rpst.: Long sword |    10 |     9 |    25 |       |       |       |       |       |       ||    44
       Falchion          |       |       |    16 |    66 |    91 |    11 |       |       |    16 ||   200
       Scimitar          |       |       |       |       |     5 |       |       |       |       ||     5
       Double sword      |       |       |       |       |       |    63 |    53 |    80 |   140 ||   336
       Demon blade       |       |       |       |       |       |     2 |       |       |       ||     2

Table legend:
 A = Non-vault XP
 B = Vault XP
 C = Vault XP percentage of total XP
 D = Non-vault monster count
 E = Vault monster count
 F = Vault count percentage of total count
                 A         B        C        D         E       F
            +---------+---------+-------+---------+---------+-------
      Total |  914407 |  812546 |  47.1 |    1737 |    1103 |  38.8
            +---------+---------+-------+---------+---------+-------
        D:1 |      36 |       0 |   0.0 |      19 |       0 |   0.0
        D:2 |     102 |     267 |  72.4 |      16 |       2 |  11.1
        D:3 |     119 |     227 |  65.6 |      23 |       1 |   4.2
        D:4 |     356 |      10 |   2.7 |      17 |       6 |  26.1
        D:5 |     413 |       0 |   0.0 |      21 |       0 |   0.0
        D:6 |     376 |     813 |  68.4 |      15 |       2 |  11.8
        D:7 |    2053 |       0 |   0.0 |      40 |       0 |   0.0
        D:8 |    2450 |       0 |   0.0 |      29 |       0 |   0.0
        D:9 |    2102 |       0 |   0.0 |      21 |       0 |   0.0
       D:10 |    1724 |     745 |  30.2 |      14 |       6 |  30.0
       D:11 |    2581 |      33 |   1.3 |      14 |       1 |   6.7
       D:12 |    4867 |   17297 |  78.0 |      42 |      51 |  54.8
       D:13 |   10461 |     806 |   7.2 |      34 |       4 |  10.5
       D:14 |    3802 |    7812 |  67.3 |      17 |       8 |  32.0
       D:15 |   16485 |    4458 |  21.3 |      43 |      10 |  18.9
     Lair:1 |    6816 |    3513 |  34.0 |      23 |      14 |  37.8
     Lair:2 |    2311 |    1518 |  39.6 |      16 |       8 |  33.3
     Lair:3 |    5726 |       0 |   0.0 |      28 |       0 |   0.0
     Lair:4 |    4820 |    3132 |  39.4 |      22 |       1 |   4.3
     Lair:5 |   10848 |       0 |   0.0 |      37 |       0 |   0.0
     Lair:6 |   11148 |    8538 |  43.4 |      35 |      18 |  34.0
    Swamp:1 |    9340 |       0 |   0.0 |      24 |       0 |   0.0
    Swamp:2 |   21263 |       0 |   0.0 |      55 |       0 |   0.0
    Swamp:3 |    2306 |       0 |   0.0 |       7 |       0 |   0.0
    Swamp:4 |   20258 |   18290 |  47.4 |      41 |      27 |  39.7
    Snake:1 |   11845 |       0 |   0.0 |      21 |       0 |   0.0
    Snake:2 |   18397 |   14046 |  43.3 |      35 |      24 |  40.7
    Snake:3 |   25156 |    2338 |   8.5 |      43 |       5 |  10.4
    Snake:4 |   41529 |   59605 |  58.9 |      85 |      73 |  46.2
      Orc:1 |    1460 |    2716 |  65.0 |      12 |       8 |  40.0
      Orc:2 |    2517 |   25052 |  90.9 |       8 |     145 |  94.8
      Elf:1 |    9735 |   10951 |  52.9 |      15 |      20 |  57.1
      Elf:2 |   13641 |   28423 |  67.6 |      21 |      40 |  65.6
      Elf:3 |   19287 |   54580 |  73.9 |      39 |      39 |  50.0
   Vaults:1 |   45791 |   30921 |  40.3 |      91 |      39 |  30.0
   Vaults:2 |   27159 |   13127 |  32.6 |      47 |      24 |  33.8
   Vaults:3 |   12971 |   25406 |  66.2 |      20 |      28 |  58.3
   Vaults:4 |   27172 |   58321 |  68.2 |      37 |      54 |  59.3
   Vaults:5 |   20598 |   87530 |  81.0 |      30 |      59 |  66.3
    Crypt:1 |   35824 |       0 |   0.0 |      61 |       0 |   0.0
    Crypt:2 |   30551 |   17109 |  35.9 |      40 |      15 |  27.3
    Crypt:3 |   33625 |   25646 |  43.3 |      44 |      58 |  56.9
   Depths:1 |   42808 |   14533 |  25.3 |      63 |      14 |  18.2
   Depths:2 |   16878 |   52631 |  75.7 |      27 |      39 |  59.1
   Depths:3 |   47726 |   82728 |  63.4 |      54 |      70 |  56.5
   Depths:4 |   40582 |   32927 |  44.8 |      49 |      20 |  29.0
   Depths:5 |   45318 |   35981 |  44.3 |      51 |      31 |  37.8
       Hell |   16136 |   23480 |  59.3 |      23 |      41 |  64.1
      Zig:1 |     445 |       0 |   0.0 |       2 |       0 |   0.0
      Zig:2 |    2770 |       0 |   0.0 |       2 |       0 |   0.0
      Zig:3 |   10946 |       0 |   0.0 |       3 |       0 |   0.0
      Zig:4 |    7226 |       0 |   0.0 |       5 |       0 |   0.0
      Zig:5 |    4021 |       0 |   0.0 |       8 |       0 |   0.0
      Zig:6 |   11410 |       0 |   0.0 |       7 |       0 |   0.0
      Zig:7 |    6133 |       0 |   0.0 |      19 |       0 |   0.0
      Zig:8 |   10129 |       0 |   0.0 |      12 |       0 |   0.0
      Zig:9 |   30348 |     457 |   1.5 |      19 |       1 |   5.0
     Zig:10 |   16292 |       0 |   0.0 |      14 |       0 |   0.0
     Zig:11 |   18422 |       0 |   0.0 |      17 |       0 |   0.0
     Zig:12 |   33673 |       0 |   0.0 |      17 |       0 |   0.0
     Zig:13 |   18642 |       0 |   0.0 |      28 |       0 |   0.0
     Zig:14 |   14481 |     457 |   3.1 |      15 |       1 |   6.2
      IceCv |       0 |    8745 | 100.0 |       0 |      52 | 100.0
     WizLab |       0 |   33229 | 100.0 |       0 |      37 | 100.0
   Gauntlet |       0 |    4148 | 100.0 |       0 |       7 | 100.0
            +---------+---------+-------+---------+---------+-------
